 Dungeon Sprint DCSS version 0.22-a0-570-g58866f5d57 (webtiles) character file.

128 Klosterfrau the Carver (level 5, -7/45 HPs)
             Began as a Barachi Fighter on June 30, 2018.
             Was a Follower of Cheibriados.
             Mangled by a two-headed ogre
             ... wielding a +0 giant spiked club
              (21 damage)
             ... in the Dungeon (Sprint IX: "|||||||||||||||||||||||||||||").
             The game lasted 00:00:39 (489 turns).

Klosterfrau the Carver (Barachi Fighter)             Turns: 489, Time: 00:00:40

Health: -7/45      AC: 13    Str: 19    XL:     5   Next: 11%
Magic:  4/7        EV:  7    Int: 14    God:    Cheibriados [*.....]
Gold:   0          SH: 10    Dex: 14    Spells: 4/4 levels left

rFire    . . .     SeeInvis .   p - +2 scimitar (slice)
rCold    . . .     Gourm    .   c - +0 shield
rNeg     . . .     Faith    .   s - +1 chain mail
rPois    .         Spirit   .   (no helmet)
rElec    .         Reflect  .   r - +0 cloak
rCorr    .         Harm     .   (no gloves)
MR       .....     NoTele   +   q - +0 pair of boots
Stlth    ..........             (no amulet)
HPRegen  0.15/turn              u - +3 ring of intelligence
MPRegen  0.10/turn              t - +2 ring of evasion

@: very slow
A: +LOS, swims, slowness 1, strong legs 1
a: Hop, Bend Time, Renounce Religion


You were in the Dungeon.
You worshipped Cheibriados.
Cheibriados was aware of your devotion.
You were not hungry.

You visited 1 branch

Inventory:

Hand Weapons
 p - a +2 scimitar of slicing (weapon)
Armour
 c - a +0 shield (worn)
 q - a +0 pair of boots (worn)
 r - a +0 cloak (worn)
 s - a +1 chain mail (worn)
Jewellery
 t - a +2 ring of evasion (right hand)
 u - a +3 ring of intelligence (left hand)
Wands
 o - a wand of iceblast (10)
Scrolls
 k - 2 scrolls of blinking
 m - 3 scrolls of remove curse
 n - 2 scrolls of amnesia
Potions
 d - a potion of might
 e - 5 potions of curing
 g - 3 potions of heal wounds
 h - a potion of haste
 i - 4 potions of magic
 j - a potion of berserk rage
 l - a potion of invisibility
Comestibles
 f - a ration


   Skills:
 + Level 5.6 Fighting
 + Level 8.2 Long Blades
 + Level 5.5 Armour
 + Level 5.1 Shields
 * Level 2.9 Invocations


You had 4 spell levels left.
You didn't know any spells.
Your spell library was empty.

Dungeon Overview and Level Annotations

Branches:
Dungeon (1/1)

Altars:
Cheibriados
Dithmenos
Elyvilon
Fedhas
Gozag
Hepliaklqana
Kikubaaqudgha
Makhleb
Nemelex Xobeh
Okawaru
Qazlal
Ru
Sif Muna
Trog
Uskayaw
Vehumet
Wu Jian
Xom
Yredelemnul
Zin
The Shining One
Beogh
Jiyva
Lugonu


Innate Abilities, Weirdness & Mutations

Shadows flee at your approach. (+LOS)
You can swim through water.
You cover ground slowly.
You can hop short distances.


Message History

The two-headed ogre is lightly wounded.
You block the two-headed ogre's attack.
The two-headed ogre hits you with a giant club!
You slash the two-headed ogre!
The two-headed ogre is heavily wounded.
You hit the two-headed ogre.
The two-headed ogre is heavily wounded.
You block the two-headed ogre's attack. x2
You hit the two-headed ogre.
The two-headed ogre is severely wounded.
The two-headed ogre hits you with a giant spiked club!
You block the two-headed ogre's attack.
You hit the two-headed ogre.
The two-headed ogre is severely wounded.
You block the two-headed ogre's attack. x2
You hit the two-headed ogre.
The two-headed ogre is almost dead.
The two-headed ogre hits you with a giant spiked club!
The two-headed ogre hits you with a giant club!!
You die... ▓▓▓▓▓▓▓▓▓▓▓▓▓▓▓▓▓▓▓▓▓▓▓▓▓ +...HJlO@....)|..'_______ ▓▓▓▓▓▓▓▓▓▓▓▓▓▓▓▓▓▓▓▓▓▓▓▓▓

You could see a two-headed ogre, a hippogriff, an iguana and a jelly.

Vanquished Creatures
  A bullfrog (D)
  A howler monkey (D)
  A gnoll (D)
  An ooze (D)
  An orc (D)
  A bat skeleton (D)
  A goblin (D)
  A hobgoblin (D)
  A jackal (D)
  2 frilled lizards (D)
  A kobold (D)
12 creatures vanquished.

Notes
Turn   | Place    | Note
-------+----------+-------------------------------------------
     0 | D        | Klosterfrau the Barachi Fighter began the quest for the Orb.
     0 | D        | Reached XP level 1. HP: 18/18 MP: 1/1
     4 | D        | Reached skill level 3 in Long Blades
    10 | D        | Reached skill level 4 in Long Blades
    11 | D        | Reached skill level 5 in Long Blades
    11 | D        | Reached XP level 2. HP: 24/24 MP: 2/2
   128 | D        | Reached skill level 6 in Long Blades
   139 | D        | Reached skill level 7 in Long Blades
   139 | D        | Reached XP level 3. HP: 5/29 MP: 3/3
   404 | D        | Found a roughly hewn altar of Beogh.
   404 | D        | Found a snail-covered altar of Cheibriados.
   404 | D        | Found a shadowy altar of Dithmenos.
   404 | D        | Found a white marble altar of Elyvilon.
   404 | D        | Found a blossoming altar of Fedhas.
   404 | D        | Found an opulent altar of Gozag.
   404 | D        | Found a hazy altar of Hepliaklqana.
   405 | D        | Found a viscous altar of Jiyva.
   406 | D        | Found an ancient bone altar of Kikubaaqudgha.
   407 | D        | Found a corrupted altar of Lugonu.
   408 | D        | Became a worshipper of Cheibriados the Contemplative
   409 | D        | Found a burning altar of Makhleb.
   410 | D        | Found a sparkling altar of Nemelex Xobeh.
   411 | D        | Found an iron altar of Okawaru.
   412 | D        | Found a stormy altar of Qazlal.
   413 | D        | Found a sacrificial altar of Ru.
   414 | D        | Found a deep blue altar of Sif Muna.
   415 | D        | Found a bloodstained altar of Trog.
   416 | D        | Found a hide-covered altar of Uskayaw.
   417 | D        | Found a radiant altar of Vehumet.
   418 | D        | Found an ornate altar of the Wu Jian Council.
   419 | D        | Found a shimmering altar of Xom.
   420 | D        | Found a basalt altar of Yredelemnul.
   421 | D        | Found a glowing silver altar of Zin.
   422 | D        | Found a glowing golden altar of the Shining One.
   476 | D        | Noticed a hippogriff
   476 | D        | Noticed a two-headed ogre
   476 | D        | Noticed a bullfrog
   480 | D        | Reached skill level 1 in Invocations
   480 | D        | Reached XP level 4. HP: 32/38 MP: 3/5
   482 | D        | Killed a bullfrog
   482 | D        | Reached * piety under Cheibriados
   482 | D        | Reached skill level 5 in Fighting
   482 | D        | Reached skill level 8 in Long Blades
   482 | D        | Reached skill level 5 in Armour
   482 | D        | Reached skill level 5 in Shields
   482 | D        | Reached XP level 5. HP: 38/45 MP: 3/7
   489 | D        | Mangled by a two-headed ogre

Vault maps used:
D:        linesprint

Skill      XL: |  1  2  3  4 |
---------------+-------------+-----
Long Blades    | 5 7 8 |  8.2
Fighting       | 4 5 |  5.6
Armour         | 4 5 |  5.5
Shields        | 4 5 |  5.1
Invocations    | 1 2 |  2.9

Action                   |  1- 3 |  4- 6 || total
-------------------------+-------+-------++-------
Melee: Long sword        |    29 |       ||    29
       Scimitar          |     4 |     9 ||    13
Armor: Scale mail        |     8 |       ||     8
       Chain mail        |       |     2 ||     2
Dodge: Dodged            |     7 |     1 ||     8
Block: Shield            |    11 |     7 ||    18
       Rpst.: Long sword |     4 |       ||     4

Table legend:
 A = Spawn XP
 B = Non-spawn XP
 C = Spawn XP percentage of total XP
 D = Spawn monster count
 E = Non-spawn monster count
 F = Spawn count percentage of total count
 G = Total turns spent on level
                    A         B        C        D         E        F      G
               +---------+---------+-------+---------+---------+-------+---------
         Total |       0 |     183 |   0.0 |       0 |      12 |   0.0 |   489
               +---------+---------+-------+---------+---------+-------+---------
             D |       0 |     183 |   0.0 |       0 |      12 |   0.0 |   489
               +---------+---------+-------+---------+---------+-------+---------
